 Dungeon Crawl Stone Soup version 0.21.1-1-g345015f (webtiles) character file.

128 theblackcape the Insei (level 4, -5/33 HPs)
             Began as a Demonspawn Transmuter on June 4, 2018.
             Slain by an ogre
             ... wielding a +0 giant club
              (8 damage)
             ... on level 4 of the Dungeon.
             The game lasted 00:16:04 (3048 turns).

theblackcape the Insei (Demonspawn Transmuter)      Turns: 3048, Time: 00:16:06

Health: -5/33      AC:  5    Str: 10    XL:     4   Next: 87%
Magic:  8/8        EV: 13    Int: 14    God:
Gold:   224        SH:  0    Dex: 15    Spells: 5/8 levels left

rFire    . . .     SeeInvis .   l - +0 short sword
rCold    . . .     Gourm    .   (no shield)
rNeg     . . .     Faith    .   b - +0 robe
rPois    .         Spirit   .   (helmet restricted)
rElec    .         Reflect  .   (no cloak)
rCorr    .         Harm     .   q - +2 pair of gloves
MR       .....                  (boots currently unavailable)
Stlth    ++........             o - amulet of regeneration
HPRegen  0.51/turn              (no ring)
MPRegen  0.11/turn              (no ring)

@: appendage (expiring)
A: antennae 1, talons 3, spiny 1
a: End Transformation


You were on level 4 of the Dungeon.
You were not hungry.
You had grown temporary talons.
You visited 1 branch of the dungeon, and saw 4 of its levels.

You collected 224 gold pieces.

Inventory:

Hand Weapons
 l - a +0 short sword (weapon)
Missiles
 a - 32 arrows
Armour
 b - a +0 robe (worn)
 q - a +2 pair of gloves (worn)
Jewellery
 o - an amulet of regeneration (around neck)
Scrolls
 e - a scroll of teleportation {unknown}
 g - a scroll of identify
 h - 2 scrolls of enchant weapon
 j - a scroll of enchant armour {unknown}
 k - a scroll of magic mapping {unknown}
 p - a scroll of amnesia {unknown}
 r - a scroll of noise {unknown}
Potions
 f - 6 potions of curing
 i - a potion of flight {unknown}
 m - a potion of brilliance {unknown}
 n - a potion of heal wounds {unknown}
Books
 c - a book of Changes

   Spells                             Type                      Level
   a - Beastly Appendage              Transmutation                1
   b - Sticks to Snakes               Transmutation                2
   c - Spider Form                    Transmutation/Poison         3
   d - Ice Form                       Ice/Transmutation            4
   e - Blade Hands                    Transmutation                5
Comestibles
 d - 11 rations


   Skills:
 + Level 1.7 Fighting
 + Level 1.1 Short Blades
 + Level 2.5 Dodging
 - Level 0.3 Stealth
 - Level 2.8 Unarmed Combat
 + Level 2.8 Spellcasting
 + Level 2.8 Transmutations


You had 5 spell levels left.
You knew the following spells:

 Your Spells              Type           Power        Failure   Level  Hunger
a - Beastly Appendage     Tmut           #.....       7%          1    #......
b - Sticks to Snakes      Tmut           #.......     11%         2    ##.....


Dungeon Overview and Level Annotations

Branches:
Dungeon (4/15)
 Temple: D:4-7

Altars:


Innate Abilities, Weirdness & Mutations

You have a pair of small antennae on your head.
You are partially covered in sharp spines.
You have claws for feet.


Message History

The ogre is severely wounded.
The ogre barely misses you.
You barely miss the ogre.
The ogre is severely wounded.
Your transformation is almost over.
The ogre closely misses you.
You completely miss the ogre.
The ogre is severely wounded.
The ogre hits you with a giant club!!
Ouch! That really hurt!
You hit the ogre.
The ogre is severely wounded.
The ogre hits you with a giant club!
* * * LOW HITPOINT WARNING * * *
You completely miss the ogre. You claw the ogre.
The ogre is almost dead.
You hit the ogre but do no damage. Your kick misses the ogre.
The ogre is almost dead.
The ogre is struck by your spines. The ogre hits you with a giant club!
You die...

#. #.# #.# #.#
..O. #.#
....O##.# ..>.
....
.....##.########
..........OO@..+
.#####[######.#
#.# .. #.# .#.
#.# . ... #.#
... .#
#####.##..... .
#........#...
#.#..........


You could see 2 ogres.

Vanquished Creatures
  An iguana (D:4)
  An adder (D:3)
  3 oozes
  3 worms
  A dart slug (D:3)
  11 leopard geckos
  An orc (D:4)
  2 giant cockroaches (D:2)
  11 hobgoblins
  2 jackals (D:2)
  A quokka (D:2)
  A ball python (D:3)
  6 bats
  3 frilled lizards
  5 goblins
  4 kobolds
  7 rats
63 creatures vanquished.

Notes
Turn   | Place    | Note
-------+----------+-------------------------------------------
     0 | D:1      | theblackcape the Demonspawn Transmuter began the quest for the Orb.
     0 | D:1      | Reached XP level 1. HP: 15/15 MP: 3/3
   393 | D:1      | Gained mutation: You are partially covered in sharp spines. [demonic ancestry]
   393 | D:1      | Reached XP level 2. HP: 21/21 MP: 3/5
   902 | D:1      | Reached XP level 3. HP: 26/26 MP: 4/6
   963 | D:1      | Learned a level 2 spell: Sticks to Snakes
  2117 | D:3      | Gained mutation: You have a pair of small antennae on your head. [demonic ancestry]
  2117 | D:3      | Reached XP level 4. HP: 19/32 MP: 7/7
  2929 | D:4      | Reached skill level 1 in Short Blades
  3028 | D:4      | Noticed an ogre
  3029 | D:4      | Noticed an ogre
  3044 | D:4      | HP: 1/33 [ogre/giant club (14)]
  3048 | D:4      | Slain by an ogre

Skill      XL: |  1  2  3  4 |
---------------+-------------+-----
Transmutations | 2 |  2.8
Dodging        | 2 |  2.5
Short Blades   | 1 |  1.1
Fighting       | |  1.7
Stealth        | |  0.3
Unarmed Combat | |  2.8
Spellcasting   | |  2.8

Action                   |  1- 3 |  4- 6 || total
-------------------------+-------+-------++-------
Melee: Unarmed           |    55 |       ||    55
       Headbutt          |     4 |       ||     4
       Kick              |     3 |    15 ||    18
       Short sword       |    54 |    54 ||   108
 Cast: Beastly Appendage |    18 |    11 ||    29
       Sticks to Snakes  |     1 |     1 ||     2
  Use: Scroll            |       |     4 ||     4
 Stab: Sleeping          |     3 |     1 ||     4
  Eat: Chunk             |     3 |     4 ||     7
Armor: Robe              |    14 |     2 ||    16
Dodge: Dodged            |    65 |    28 ||    93
